 Dungeon Crawl Stone Soup version 0.24.0-13-gcf9b3192b9 (console) character file.

Game seed: 6531040404369110110, levelgen mode: deterministic

662 AlterAsc the Digger (level 7, -9/36 HPs)
             Began as a Gargoyle Earth Elementalist on Nov 5, 2019.
             Killed by divine providence
             ... invoked by an orc priest
              (16 damage)
             ... on level 3 of the Dungeon.
             The game lasted 00:12:46 (3756 turns).

AlterAsc the Digger (Gargoyle Earth Elementalist)   Turns: 3756, Time: 00:12:47

Health: -9/36      AC: 10    Str: 12    XL:     7   Next: 56%
Magic:  3/15       EV: 12    Int: 17    God:
Gold:   170        SH:  0    Dex: 10    Spells: 3/16 levels left

rFire    . . .     SeeInvis +   p - +0 dagger (venom)
rCold    . . .     Gourm    .   (no shield)
rNeg     + . .     Faith    .   c - +0 robe
rPois    ∞         Spirit   .   (no helmet)
rElec    +         Reflect  .   (no cloak)
rCorr    .         Harm     .   (no gloves)
MR       .....                  (no boots)
Stlth    ++........             (no amulet)
HPRegen  0.12/turn              n - ring of see invisible
MPRegen  0.14/turn              y - +4 ring of protection

@: very slightly contaminated
A: negative energy resistance 1, electricity resistance, unbreathing,
petrification resistance, rot immunity, AC +4
a: no special abilities


You were on level 3 of the Dungeon.
You were hungry.

You visited 1 branch of the dungeon, and saw 4 of its levels.

You collected 170 gold pieces.

Inventory:

Hand Weapons
 p - a +0 dagger of venom (weapon)
Missiles
 b - 19 stones (quivered)
Armour
 c - a +0 robe (worn)
Jewellery
 n - a ring of see invisible (left hand)
 s - an uncursed ring of positive energy {unknown}
 y - a +4 ring of protection (right hand)
Wands
 t - a wand of random effects (5)
 w - a wand of disintegration (14)
Scrolls
 g - a scroll of amnesia
 j - 2 scrolls of noise
 m - a scroll of enchant armour {unknown}
 r - a scroll of enchant weapon {unknown}
 v - 2 scrolls of identify
 x - a scroll of teleportation {unknown}
Potions
 e - a potion of magic {unknown}
 f - a potion of haste {unknown}
 h - a potion of degeneration {unknown}
 i - 2 potions of mutation
 k - 4 potions of curing
 l - a potion of berserk rage {unknown}
 o - 2 potions of flight {unknown}
 q - 2 potions of brilliance {unknown}
 u - a potion of heal wounds {unknown}
Comestibles
 a - a chunk of flesh
 d - 8 rations


   Skills:
 - Level 1.7 Dodging
 - Level 2.5 Stealth
 + Level 5.4 Spellcasting
 + Level 0.8 Transmutations
 * Level 7.6 Earth Magic


You had 3 spell levels left.
You knew the following spells:

 Your Spells              Type           Power        Failure   Level  Hunger
a - Sandblast             Erth           ####..       1%          1    None
b - Stone Arrow           Conj/Erth      ###...       9%          3    ##.....
c - Lee's Rapid Deconstr  Erth           ####......   17%         5    ######.
d - Petrify               Tmut/Erth      ###.....     24%         4    ####...

Your spell library contained the following spells:

 Spells                   Type           Power        Failure   Level  Hunger
 Passwall                 Tmut/Erth      ###.....     3%          2    #......
 Beastly Appendage        Tmut           #.....       10%         1    None
 Sticks to Snakes         Tmut           #.......     14%         2    #......
 Spider Form              Tmut/Pois      #.........   34%         3    ##.....
 Ice Form                 Ice/Tmut       #.......     75%         4    ####...
 Blade Hands              Tmut           #.........   95%         5    ######.


Dungeon Overview and Level Annotations

Branches:
Dungeon (4/15)
 Temple: D:4-7

Altars:
Yredelemnul
The Shining One


Innate Abilities, Weirdness & Mutations

You are resistant to torment.
Your stone body is resilient. (AC +4)
You are immune to poison.
You resist negative energy. (rN+)
You are resistant to electric shocks. (rElec)
You can survive without breathing.
You are immune to petrification.
You are immune to rotting.


Message History

The floor.
Casting: Petrify (slightly dangerous; 24% risk of failure)
Confirm with . or Enter, or press ? or * to list all spells.
You don't know that spell.
Casting: Petrify (slightly dangerous; 24% risk of failure)
Confirm with . or Enter, or press ? or * to list all spells.
Aiming: Lee's Rapid Deconstruction (quite dangerous; 17% risk of failure)
Press: ? - help, Dir - move target cursor, f - orc, p - orc warrior Fragment what (e.g. wall or brittle monster)?: an orc, wielding a +0 hand axe (slowly petrifying)
The orc shatters!!
You blow up the orc!
The blast of petrified fragments hits the orc warrior!
The orc warrior is moderately wounded.
You are feeling hungry.
The orc warrior hits you with a +0 flail!
* * * LOW HITPOINT WARNING * * *
You see here a +0 spear.
The orc priest mumbles some strange prayers to Beogh against you.
Beogh smites you!
You die...

**,*,⌠,,** #..,,,,,*
*,*,,*,* #.#******
****≈≈***#**#.##
***#####.,,...#
*,*#.[#.#**#..# *,*#.##.#
#..# #,*#>##.####).#
*********#####.##.o.o......#
,,,,,,,,,.......@.########%#
*********#####.##.#* #.# *
#,#...#######.# *
*,..#.........# *
*##...######### * #..##
***************#..*
,,,,,,,,,,,,,,...,*
,,***********###.,*


You could see an orc warrior and an orc priest.

Vanquished Creatures
  Sigmund (D:2)
  Purgy (D:3)
  An ogre (D:4)
  The ghost of Descartes the Ducker, an amateur DsWn (D:3)
  A worker ant (D:4)
  5 gnolls
  8 adders
  6 worms
  4 dart slugs
  2 leopard geckos (D:4)
  6 orcs
  9 giant cockroaches
  6 goblins
  5 hobgoblins
  7 jackals (D:1)
  7 kobolds
  13 bats
  A frilled lizard (D:4)
  8 rats
92 creatures vanquished.

Notes
Turn   | Place    | Note
-------+----------+-------------------------------------------
     0 | D:1      | AlterAsc the Gargoyle Earth Elementalist began the quest
                  | for the Orb.
     0 | D:1      | Reached XP level 1. HP: 10/10 MP: 3/3
    18 | D:1      | Reached XP level 2. HP: 8/15 MP: 0/5
   201 | D:1      | Reached skill level 4 in Earth Magic
   493 | D:1      | Reached XP level 3. HP: 19/19 MP: 4/6
   628 | D:1      | Learned a level 3 spell: Stone Arrow
  1298 | D:2      | Reached XP level 4. HP: 17/24 MP: 6/8
  1935 | D:2      | Noticed Sigmund
  1942 | D:2      | Killed Sigmund
  1942 | D:2      | Reached skill level 6 in Earth Magic
  1942 | D:2      | Reached XP level 5. HP: 28/28 MP: 3/11
  1942 | D:2      | Reached XP level 6. HP: 32/32 MP: 3/12
  2022 | D:2      | Learned a level 5 spell: Lee's Rapid Deconstruction
  2027 | D:2      | Learned a level 4 spell: Petrify
  2304 | D:3      | Found a large runed translucent door.
  2305 | D:3      | Found a large runed translucent door.
  2305 | D:3      | Noticed Purgy
  2306 | D:3      | Noticed Descartes's ghost (amateur DsWn)
  2309 | D:3      | Killed Purgy
  2337 | D:3      | Killed Descartes's ghost
  2417 | D:3      | Reached XP level 7. HP: 36/36 MP: 11/14
  2678 | D:4      | Reached skill level 7 in Earth Magic
  2831 | D:4      | Reached skill level 5 in Spellcasting
  3109 | D:4      | Found a glowing golden altar of the Shining One.
  3114 | D:4      | Found a basalt altar of Yredelemnul.
  3379 | D:4      | Noticed an angel
  3756 | D:3      | Killed from afar by an orc priest

Levels and vault maps discovered:
D:1:      saegor_arrival_simple_a, layout_loops_corners, minmay_split_cup_small
D:2:      layout_basic, uniq_sigmund
D:3:      layout_loops_ring, ebering_ghost_disaster_area, uniq_purgy
D:4:      layout_rooms, grunt_temple_overflow_holy_war,
          lightli_sewer_entry_pipes

Skill      XL: |  1  2  3  4  5  6  7 |
---------------+----------------------+-----
Earth Magic    | 4 6 7 |  7.6
Spellcasting   | 4 5 |  5.4
Dodging        | |  1.7
Stealth        | |  2.5
Transmutations | |  0.8

Action                   |  1- 3 |  4- 6 |  7- 9 || total
-------------------------+-------+-------+-------++-------
Melee: Unarmed           |    28 |       |       ||    28
       Club              |    64 |    16 |       ||    80
       Dagger            |       |       |    43 ||    43
 Cast: Sandblast         |    30 |    41 |    33 ||   104
       Stone Arrow       |     2 |     2 |       ||     4
       Lee's Rapid Decon |       |       |     1 ||     1
       Petrify           |       |       |     1 ||     1
  Use: Scroll            |       |       |     4 ||     4
 Stab: Sleeping          |     1 |     1 |     2 ||     4
  Eat: Chunk             |     2 |     4 |     4 ||    10
Armor: Robe              |    57 |    12 |    22 ||    91
Dodge: Dodged            |   115 |    25 |    40 ||   180
